 Dungeon Crawl Stone Soup version 0.28.0-43-g3370ac3207 (webtiles) character file.

Game seed: 5233422788316171206

2487 crimpus the Cleaver (level 9, -2/79 HPs)
             Began as a Hill Orc Fighter on Mar 27, 2022.
             Was a Believer of Okawaru.
             Slain by a two-headed ogre
             ... wielding a +0 giant club
              (20 damage)
             ... on level 8 of the Dungeon.
             The game lasted 00:09:11 (13000 turns).

crimpus the Cleaver (Hill Orc Fighter)             Turns: 13000, Time: 00:09:12

Health: -2/79      AC: 17    Str: 23    XL:     9   Next: 52%
Magic:  11/11      EV:  6    Int:  8    God:    Okawaru [**....]
Gold:   397        SH:  5    Dex: 10    Spells: 8/8 levels left

rFire   . . .      SeeInvis .   n - +2 whip (venom)
rCold   . . .      Faith    .   c - +0 buckler
rNeg    . . .      Spirit   .   q - +1 plate armour
rPois   .          Reflect  .   o - +0 helmet
rElec   .          Harm     .   (no cloak)
rCorr   .          Rampage  .   (no gloves)
Will    .....                   u - +0 pair of boots
Stlth   ..........              (no amulet)
HPRegen 0.23/turn               (no ring)
MPRegen 0.12/turn               (no ring)

@: no status effects
A: no striking features
a: Renounce Religion, Heroism


You were on level 8 of the Dungeon.
You worshipped Okawaru.
Okawaru was pleased with you.
You visited 2 branches of the dungeon, and saw 9 of its levels.

You collected 397 gold pieces.

Inventory:

Hand Weapons
 b - a +2 mace of holy wrath
 n - a +2 whip of venom (weapon)
 p - a +3 war axe
Armour
 c - a +0 buckler (worn)
 o - a +0 helmet (worn)
 q - a +1 plate armour (worn)
 u - a +0 pair of boots (worn)
Wands
 a - a wand of polymorph (22)
 d - a wand of digging (4)
 t - a wand of acid (13)
Scrolls
 f - 4 scrolls of identify
 h - a scroll of blinking {unknown}
 i - a scroll of magic mapping
 s - a scroll of amnesia
 v - a scroll of torment {unknown}
Potions
 e - 2 potions of curing
 g - a potion of attraction {unknown}
 j - a potion of invisibility {unknown}
 k - 2 potions of heal wounds
 l - 2 potions of flight
 m - a potion of mutation {unknown}
 r - a potion of brilliance {unknown}
 w - a potion of magic {unknown}


   Skills:
 * Level 7.0 Fighting
 * Level 9.6 Axes
 * Level 8.8 Armour
 * Level 5.6 Shields
 * Level 3.9 Invocations


You had 8 spell levels left.
You didn't know any spells.
Your spell library contained the following spells:

 Spells                   Type           Power      Damage    Failure   Level
 Apportation              Tloc           0%         N/A       100%        1
 Ensorcelled Hibernation  Hex/Ice        0%         N/A       100%        2
 Passwall                 Tmut/Erth      0%         N/A       100%        2
 Confusing Touch          Hex            0%         N/A       100%        3
 Dazzling Flash           Conj/Hex       0%         N/A       100%        3
 Swiftness                Air            0%         N/A       100%        3
 Iskenderun's Mystic Bla  Conj/Tloc      0%         2d3       100%        4
 Yara's Violent Unravell  Hex/Tmut       0%         3d3       100%        5
 Starburst                Conj/Fire      0%         6d3       100%        6
 Enfeeble                 Hex            0%         N/A       100%        7
 Animate Skeleton         Necr           Unusable   N/A       N/A         1
 Summon Small Mammal      Summ           Unusable   N/A       N/A         1

Dungeon Overview and Level Annotations

Branches:
Dungeon (8/15)             Temple (1/1) D:5
   Lair: D:8-11

Altars:
Dithmenos
Elyvilon
Gozag
Nemelex Xobeh
Okawaru
Qazlal
Ru
Uskayaw
Zin


Message History

A two-headed ogre comes into view.
It is wielding a +0 giant club and a +0 giant spiked club.
Found a dark potion.
Found a stone staircase leading up.
The two-headed ogre shouts in stereo!
The two-headed ogre hits you with a +0 giant club!
The two-headed ogre hits you but does no damage.
You hit the two-headed ogre.
The two-headed ogre is lightly wounded.
A two-headed ogre is nearby!
You slash the two-headed ogre!
The two-headed ogre is moderately wounded.
The two-headed ogre closely misses you. The two-headed ogre barely misses you.
You slash the two-headed ogre!
The two-headed ogre is heavily wounded.
You block the two-headed ogre's attack. The two-headed ogre barely misses you.
You slash the two-headed ogre!
The two-headed ogre is severely wounded.
The two-headed ogre hits you with a +0 giant club.
The two-headed ogre hits you with a +0 giant spiked club!!
You hit the two-headed ogre.
The two-headed ogre is severely wounded.
The two-headed ogre hits you but does no damage.
The two-headed ogre hits you with a +0 giant spiked club!
You are too injured to fight recklessly!
You are too injured to fight recklessly!
You are too injured to fight recklessly!
Your +2 whip of venom begins to drip with poison!
n - a +2 whip of venom (weapon)
You hit the two-headed ogre but do no damage.
The two-headed ogre is severely wounded.
The two-headed ogre hits you with a +0 giant club!
* * * LOW HITPOINT WARNING * * *
The two-headed ogre barely misses you.
You hit the two-headed ogre but do no damage.
The two-headed ogre is poisoned.
The two-headed ogre is severely wounded.
You hit the two-headed ogre.
The two-headed ogre is almost dead.
The two-headed ogre hits you but does no damage.
The two-headed ogre hits you with a +0 giant spiked club!!
You die...

#...........
#............
#............
............
#..........<
#...........
#O.........
#@........
##......#
##.#.....#
##^##.....#
###.##
#.....#
##..## ...!.#
## ##..##
#....# ...##
##..## #...#
#...####.###
....


You could see a two-headed ogre (poisoned).

Vanquished Creatures
  2 steam dragons (D:6)
  4 water moccasins
  3 sky beasts
  A centaur (D:8)
  A phantom (D:4)
  A water moccasin zombie (D:6)
  A scorpion (D:4)
  A wyvern skeleton (D:5)
  2 water moccasin skeletons
  4 wights (D:6)
  A centaur zombie (D:5)
  2 jellies
  2 hounds
  3 orc priests
  2 centaur skeletons (D:7)
  2 gnoll shamans
  2 bullfrog skeletons (D:6)
  3 iguanas
  4 orc wizards
  A scorpion zombie (D:5)
  A howler monkey zombie (D:7)
  A howler monkey skeleton (D:7)
  7 adders
  11 gnolls
  A shadow imp (D:8)
  2 ufetubi
  4 worms
  2 dart slugs
  22 orcs
  6 endoplasms
  3 giant cockroaches
  6 goblins
  4 hobgoblins
  13 jackals
  6 quokkas
  9 ball pythons
  3 bats
  4 frilled lizards
  10 kobolds
  10 rats
167 creatures vanquished.

Vanquished Creatures (others)
  An adder (D:4)
1 creature vanquished.

Grand Total: 168 creatures vanquished

Notes
Turn   | Place    | Note
-------+----------+-------------------------------------------
     0 | D:1      | crimpus the Hill Orc Fighter began the quest for the Orb.
     0 | D:1      | Reached XP level 1. HP: 19/19 MP: 1/1
   336 | D:1      | Reached XP level 2. HP: 27/27 MP: 2/2
   672 | D:1      | Reached skill level 3 in Axes
   998 | D:2      | Reached XP level 3. HP: 31/33 MP: 3/3
  1242 | D:2      | Found a faded altar of an unknown god.
  1489 | D:2      | Reached XP level 4. HP: 40/40 MP: 4/4
  1529 | D:2      | Reached skill level 4 in Axes
  2329 | D:3      | Reached XP level 5. HP: 6/47 MP: 5/5
  4071 | D:3      | Reached skill level 5 in Axes
  4568 | D:4      | Reached skill level 5 in Armour
  4568 | D:4      | Reached XP level 6. HP: 9/53 MP: 6/6
  4875 | D:4      | Found a stormy altar of Qazlal.
  5920 | D:4      | Noticed a sky beast
  5952 | D:4      | Killed a sky beast
  5953 | D:4      | Reached skill level 5 in Fighting
  5953 | D:4      | Reached XP level 7. HP: 27/61 MP: 7/7
  6344 | D:4      | Found a sparkling altar of Nemelex Xobeh.
  6587 | D:4      | Found an iron altar of Okawaru.
  6604 | D:4      | Became a worshipper of Warmaster Okawaru
  6730 | D:5      | Entered Level 5 of the Dungeon
  7262 | D:5      | Reached skill level 1 in Invocations
  7268 | D:5      | Reached XP level 8. HP: 7/70 MP: 7/9
  7272 | D:5      | Reached skill level 6 in Axes
  8099 | D:5      | Reached * piety under Okawaru
  8595 | D:5      | Found a staircase to the Ecumenical Temple.
  8610 | Temple   | Entered the Ecumenical Temple
  9317 | D:5      | Reached skill level 7 in Axes
  9691 | D:6      | Found a white marble altar of Elyvilon.
  9714 | D:6      | Reached skill level 5 in Shields
  9898 | D:6      | Noticed a +0 dagger
  9900 | D:6      | Noticed a +0 spear
  9901 | D:6      | Noticed a +0 falchion
  9901 | D:6      | Noticed a +0 short sword
  9901 | D:6      | Noticed a +0 spear
  9901 | D:6      | Noticed a +0 falchion
  9903 | D:6      | Noticed a +0 dagger
  9903 | D:6      | Noticed a +0 short sword
  9908 | D:6      | Found a hide-covered altar of Uskayaw.
 10326 | D:6      | Reached skill level 8 in Axes
 10326 | D:6      | Reached XP level 9. HP: 78/78 MP: 11/11
 10498 | D:6      | Reached ** piety under Okawaru
 11488 | D:6      | Found an opulent altar of Gozag.
 11488 | D:6      | Found a glowing silver altar of Zin.
 11637 | D:7      | Reached skill level 9 in Axes
 12658 | D:7      | Found a shadowy altar of Dithmenos.
 12927 | D:8      | Found a sacrificial altar of Ru.
 12990 | D:8      | Noticed a two-headed ogre
 13000 | D:8      | Slain by a two-headed ogre

Illustrated notes

Levels and vault maps discovered:
D:1:      dpeg_arrival_round_c, layout_basic, ebering_dispersal_statue_hall
D:2:      layout_loops_ring, basic_ecumenical_altar
D:3:      layout_loops_corners
D:4:      layout_cave_pools, okawaru_gym_becter, grunt_qazlal_clouds,
          mainiacjoe_overflow_alcove_2
D:5:      layout_loops_ring, minmay_temple_entry_mini_moons
D:6:      layout_loops_cross, grunt_temple_overflow_gold_and_silver,
          elyvilon_altar_3, nicolae_uskayaw_en_pointe
D:7:      hellmonk_ruined_rings, layout_loops_ring,
          mainiacjoe_overflow_alcove_4, tgw_sif
D:8:      layout_cave_pods, mainiacjoe_overflow_tiny_flanked, david_lair_generic
Temple:   nicolae_temple_figure_zero

Skill      XL: |  1  2  3  4  5  6  7  8  9 |
---------------+----------------------------+-----
Axes           | 3 4 5 8 9 |  9.6
Fighting       | 4 5 6 7 |  7.0
Armour         | 4 5 6 7 8 |  8.8
Shields        | 4 5 |  5.6
Invocations    | 1 3 |  3.9

Action                   |  1- 3 |  4- 6 |  7- 9 || total
-------------------------+-------+-------+-------++-------
Melee: War axe           |    96 |    68 |   233 ||   397
       Whip              |       |   194 |    43 ||   237
  Use: Potion            |       |     3 |     4 ||     7
       Scroll            |       |       |    10 ||    10
Armor: Scale mail        |    31 |    89 |    41 ||   161
       Skin              |       |    22 |       ||    22
       Plate armour      |       |       |   135 ||   135
Dodge: Dodged            |    45 |    97 |    85 ||   227
Block: Buckler           |    27 |    48 |    64 ||   139
